 Dungeon Crawl Stone Soup version 0.22-a0-558-gc224181 (webtiles) character file.

42 inc the Skirmisher (level 3, -1/42 HPs)
             Began as an Ogre Hunter on June 26, 2018.
             Succumbed to an adder's poison
             ... on level 2 of the Dungeon.
             The game lasted 00:01:45 (1192 turns).

inc the Skirmisher (Ogre Hunter)                    Turns: 1192, Time: 00:01:46

Health: -1/42      AC:  3    Str: 17    XL:     3   Next: 56%
Magic:  3/3        EV: 10    Int: 12    God:
Gold:   35         SH:  0    Dex:  9    Spells: 2/2 levels left

rFire    + . .     SeeInvis .   a - +0 short sword
rCold    + . .     Gourm    .   (no shield)
rNeg     . . .     Faith    .   b - +0 robe
rPois    +         Spirit   .   (helmet restricted)
rElec    +         Reflect  .   (no cloak)
rCorr    +         Harm     .   (gloves unavailable)
MR       .....                  (boots unavailable)
Stlth    +.........             (no amulet)
HPRegen  0.14/turn              (no ring)
MPRegen  0.08/turn              (no ring)

@: lethally poisoned (-1 -> -13), resistant, berserk cooldown, slowed, very slow
A: large, unfitting armour, tough skin 1
a: no special abilities


You were on level 2 of the Dungeon.
You were not hungry.

You visited 1 branch of the dungeon, and saw 2 of its levels.

You collected 35 gold pieces.

Inventory:

Hand Weapons
 a - a +0 short sword (weapon)
Armour
 b - a +0 robe (worn)
Wands
 m - a wand of acid (6)
Scrolls
 e - 2 scrolls of identify {unknown}
 g - a scroll of teleportation {unknown}
 h - a scroll of remove curse {unknown}
 i - a scroll of blinking {unknown}
Comestibles
 f - 5 rations
 l - a chunk of flesh


   Skills:
 + Level 5.1 Fighting
 - Level 4.0 Throwing
 - Level 1.7 Dodging
 - Level 0.6 Stealth


You had 2 spell levels left.
You didn't know any spells.
Your spell library was empty.

Dungeon Overview and Level Annotations

Branches:
Dungeon (2/15)

Altars:


Innate Abilities, Weirdness & Mutations

You are too large for most types of armour.
You have tough skin. (AC +1)


Message History

* * * LOW HITPOINT WARNING * * *
You completely miss the adder.
The adder is almost dead.
You feel sick. The adder bites you.
* * * LOW HITPOINT WARNING * * *
You are lethally poisoned!
The adder poisons you! The kobold barely misses you. The adder bites you.
* * * LOW HITPOINT WARNING * * *
The kobold hits you but does no damage. The adder bites you.
* * * LOW HITPOINT WARNING * * *
You hit the adder.
The adder is almost dead.
* * * LOW HITPOINT WARNING * * *
You feel sick. The adder bites you.
* * * LOW HITPOINT WARNING * * *
The kobold closely misses you. The adder barely misses you.
Unknown command.
You closely miss the adder.
The adder is almost dead.
You die...

#.........#####.#
#.#<. #.........#
#.# #....
#.........# #.#
##### #.........#
#.#
#.........#### .#
#............#
#............#
#............#
.............@#
....######...KS#
###.. ....
#.....##......
###..........(
#...........
#...........
#.....$.....
#..........!
#...........


You could see an adder and a kobold.

Vanquished Creatures
  2 dart slugs (D:1)
  A leopard gecko (D:1)
  2 giant cockroaches
  7 goblins
  5 hobgoblins
  6 kobolds (D:1)
  7 bats (D:1)
  5 rats
35 creatures vanquished.

Notes
Turn   | Place    | Note
-------+----------+-------------------------------------------
     0 | D:1      | inc the Ogre Hunter began the quest for the Orb.
     0 | D:1      | Reached XP level 1. HP: 22/22 MP: 1/1
    12 | D:1      | Reached skill level 3 in Fighting
    47 | D:1      | Reached XP level 2. HP: 28/32 MP: 2/2
    60 | D:1      | Reached skill level 4 in Fighting
   474 | D:1      | Reached XP level 3. HP: 24/40 MP: 3/3
   838 | D:1      | Reached skill level 5 in Fighting
  1191 | D:2      | HP: 2/42 [poisoned by an adder]
  1192 | D:2      | Succumbed to an adder's poison

Vault maps used:
D:1:      erik_arrival_triangle_small, minmay_octomino_c4
D:2:      lemuel_coloured_pillars_altar, hangedman_ru_absence, uniq_terence

Skill      XL: |  1  2  3 |
---------------+----------+-----
Fighting       | 3 4 5 |  5.1
Throwing       | |  4.0
Dodging        | |  1.7
Stealth        | |  0.6

Action                   || total
-------------------------++-------
Melee: Short sword       ||   132
Throw: Large rock        ||     5
       Throwing net      ||     2
  Use: Potion            ||     3
 Stab: Sleeping          ||     2
  Eat: Chunk             ||     1
Armor: Robe              ||    32
Dodge: Dodged            ||   107

Table legend:
 A = Spawn XP
 B = Non-spawn XP
 C = Spawn XP percentage of total XP
 D = Spawn monster count
 E = Non-spawn monster count
 F = Spawn count percentage of total count
 G = Total turns spent on level
                    A         B        C        D         E        F      G
               +---------+---------+-------+---------+---------+-------+---------
         Total |       0 |      61 |   0.0 |       0 |      35 |   0.0 |  1192
               +---------+---------+-------+---------+---------+-------+---------
           D:1 |       0 |      52 |   0.0 |       0 |      29 |   0.0 |   966
           D:2 |       0 |       9 |   0.0 |       0 |       6 |   0.0 |   226
               +---------+---------+-------+---------+---------+-------+---------
